 Dungeon Crawl Stone Soup version 0.27-a0-1502-g47ed6a6988 (webtiles) character file.

Game seed: 6821208069464160121

215 wakim the Cutter (level 6, -5/36 HPs)
             Began as a Kobold Brigand on July 8, 2021.
             Slain by Duvessa (16 damage)
             ... on level 4 of the Dungeon.
             The game lasted 00:06:22 (2665 turns).

wakim the Cutter (Kobold Brigand)                   Turns: 2665, Time: 00:06:23

Health: -5/36      AC:  4    Str:  9    XL:     6   Next: 15%
Magic:  6/6        EV: 17    Int: 12    God:
Gold:   147        SH:  0    Dex: 18    Spells: 5/5 levels left

rFire    . . .     SeeInvis .   a - +2 dagger (venom)
rCold    . . .     Faith    .   (shield restricted)
rNeg     . . .     Spirit   .   i - +0 robe
rPois    .         Reflect  .   (no helmet)
rElec    .         Harm     .   c - +0 cloak
rCorr    .         Rampage  .   (no gloves)
Will     .....                  l - +0 pair of boots
Stlth    ++++......             (no amulet)
HPRegen  0.12/turn              (no ring)
MPRegen  0.10/turn              (no ring)

@: no status effects
A: small, no large weapons, nightstalker 3
a: no special abilities


You were on level 4 of the Dungeon.
You visited 1 branch of the dungeon, and saw 4 of its levels.

You collected 147 gold pieces.

Inventory:

Hand Weapons
 a - a +2 dagger of venom (weapon)
 b - a +2 dagger
Missiles
 d - 14 poisoned darts
 e - 2 curare-tipped darts {=f}
 k - 5 boomerangs (quivered)
 m - a throwing net {=f!f}
Armour
 c - a +0 cloak (worn)
 f - a +0 kite shield
 i - a +0 robe (worn)
 l - a +0 pair of boots (worn)
 p - a +0 helmet
Wands
 t - a wand of digging (4)
 w - a wand of acid (10)
Potions
 j - a potion of heal wounds {unknown}
 n - 2 potions of haste {unknown}
 o - a potion of flight {unknown}
 q - a potion of curing {unknown}
 A - 2 potions of ambrosia
 L - 3 potions of lignification {!q}


   Skills:
 - Level 2.6 Fighting
 * Level 5.6 Short Blades
 - Level 2.1 Throwing
 * Level 4.6 Dodging
 - Level 5.3 Stealth
 + Level 0.4 Shields


You had 5 spell levels left.
You didn't know any spells.
Your spell library was empty.

Dungeon Overview and Level Annotations

Branches:
Dungeon (4/15)
 Temple: D:4-7

Altars:
Dithmenos
Gozag

Annotations:
D:4 Duvessa


Innate Abilities, Weirdness & Mutations

You are small and have problems with some larger weapons.
You are completely attuned to the shadows.


Message History

L - 3 potions of lignification {!q} (gained 1)
There is a stone staircase leading up here.
You see here 28 sling bullets.
Dowan, Brother of Duvessa comes into view.
He is wielding a +0 dagger of venom.
Duvessa, Sister of Dowan comes into view.
She is wielding a +0 short sword.
The helpless Dowan fails to defend himself.
You perforate Dowan like a sieve!!!
You kill Dowan!
Duvessa screams in rage.
Duvessa goes berserk!
Duvessa rages.
You have reached level 6!
Your experience leads to an increase in your attributes!
Increase (S)trength, (I)ntelligence, or (D)exterity?
You feel agile.
You hit Duvessa.
Duvessa is lightly wounded.
Duvessa barely misses you.
You hit Duvessa.
Duvessa is poisoned.
Duvessa is lightly wounded.
Duvessa closely misses you.
You hit Duvessa but do no damage.
Duvessa looks as sick as possible!
Duvessa is lightly wounded.
Duvessa hits you with a +0 short sword.
You hit Duvessa.
Duvessa looks as sick as possible!
Duvessa is lightly wounded.
Duvessa hits you with a +0 short sword!
Unknown command.
Duvessa rages.
Duvessa hits you with a +0 short sword.
You see here 28 sling bullets.
You hit Duvessa but do no damage.
Duvessa is heavily wounded.
Duvessa misses you. Duvessa hits you with a +0 short sword!
* * * LOW HITPOINT WARNING * * *
Duvessa closely misses you.
You hit Duvessa but do no damage.
Duvessa looks as sick as possible!
Duvessa is heavily wounded.
Duvessa hits you with a +0 short sword!
You die...

#.###..#.##
#.# #..#.#
#.# #..#.#
#.# #..#.#
#.#
#..#.####
#.#
#....)...
#.# #.#
#.######.#
#...@e(.<#
#.########
#.# #.# #.#


You could see Duvessa (berserk, extremely poisoned).

Vanquished Creatures
  Dowan (D:4)
  Ijyb (D:3)
  Robin (D:3)
  6 gnolls (D:3)
  A worm (D:3)
  A dart slug (D:3)
  3 orcs (D:3)
  5 ball pythons
  5 endoplasms
  A giant cockroach (D:2)
  9 goblins
  8 hobgoblins
  4 jackals
  4 kobolds
  4 quokkas
  2 bats
  4 frilled lizards (D:1)
  5 rats
65 creatures vanquished.

Notes
Turn   | Place    | Note
-------+----------+-------------------------------------------
     0 | D:1      | wakim the Kobold Brigand began the quest for the Orb.
     0 | D:1      | Reached XP level 1. HP: 12/12 MP: 1/1
    73 | D:1      | Reached XP level 2. HP: 8/18 MP: 2/2
   354 | D:1      | Noticed an eye of devastation
   415 | D:1      | Found a faded altar of an unknown god.
   415 | D:1      | Noticed an eye of devastation
   415 | D:1      | Noticed a golden eye
   419 | D:1      | Noticed a great orb of eyes
   447 | D:1      | Reached XP level 3. HP: 22/22 MP: 3/3
  1574 | D:3      | Reached XP level 4. HP: 27/27 MP: 4/4
  2008 | D:3      | Found an opulent altar of Gozag.
  2248 | D:3      | Noticed Ijyb
  2252 | D:3      | Killed Ijyb
  2253 | D:3      | Reached XP level 5. HP: 31/31 MP: 5/5
  2307 | D:3      | Reached skill level 5 in Short Blades
  2384 | D:3      | Noticed Robin
  2394 | D:3      | Killed Robin
  2474 | D:3      | Found a shadowy altar of Dithmenos.
  2651 | D:4      | Noticed Dowan
  2653 | D:4      | Noticed Duvessa
  2654 | D:4      | Killed Dowan
  2655 | D:4      | Reached XP level 6. HP: 36/36 MP: 6/6
  2665 | D:4      | Slain by Duvessa

Illustrated notes

Levels and vault maps discovered:
D:1:      dpeg_arrival_simpleton_a, layout_loops_cross,
          hellmonk_ecumenical_altar_watching_god
D:2:      layout_rooms
D:3:      layout_loops_ring, grunt_dithmenos_smoke,
          mainiacjoe_overflow_tiny_flanked, uniq_robin, uniq_ijyb
D:4:      layout_loops_ring, pdpol_wu_jian_five_deadly_venoms,
          gammafunk_temple_overflow_arena, uniq_edmund, uniq_duvessa,
          uniq_menkaure

Skill      XL: |  1  2  3  4  5 |
---------------+----------------+-----
Short Blades   | 3 4 5 |  5.6
Dodging        | 2 3 4 |  4.6
Fighting       | |  2.6
Throwing       | |  2.1
Stealth        | |  5.3
Shields        | |  0.4

Action                   |  1- 3 |  4- 6 || total
-------------------------+-------+-------++-------
Melee: Dagger            |    82 |    74 ||   156
  Use: Scroll            |     2 |     4 ||     6
 Stab: Sleeping          |    22 |     8 ||    30
Armor: Robe              |    11 |     5 ||    16
Dodge: Dodged            |    42 |    35 ||    77

Table legend: (Time is in decaauts)
 A = Elapsed time spent in this place.
 B = Non-inter-level travel time spent in this place.
 C = Inter-level travel time spent in this place.
 D = Time resting spent in this place.
 E = Time spent auto-exploring this place.
 F = Levels seen in this place.
 G = Mean time per level.
                   A        B        C        D        E       F      G
               +--------+--------+--------+--------+--------+-----+--------+
         Total |   2632 |   2575 |     57 |      0 |   2166 |   4 |  658.0 |
       Dungeon |   2632 |   2575 |     57 |      0 |   2166 |   4 |  658.0 |
               +--------+--------+--------+--------+--------+-----+--------+

Top non-repeatable levels by time:
     D:3: 1120 daAuts
     D:1: 849 daAuts
     D:2: 580 daAuts
     D:4: 81 daAuts
